 Dungeon Crawl Stone Soup version 0.26-a0-1033-gd598b01645 (webtiles) character file.

Game seed: 7826771111983353739

4748 PentaManta the Grappler (level 10, -7/77 HPs)
             Began as a Ghoul Fighter on Dec 10, 2020.
             Was an Initiate of Gozag.
             Mangled by a wyvern (14 damage)
             ... on level 8 of the Dungeon.
             The game lasted 00:18:23 (9380 turns).

PentaManta the Grappler (Ghoul Fighter)             Turns: 9380, Time: 00:18:23

Health: -7/77      AC: 12    Str: 21    XL:     10   Next: 46%
Magic:  9/9        EV:  9    Int:  6    God:    Gozag
Gold:   914        SH:  0    Dex:  8    Spells: 9/9 levels left

rFire    . . .     SeeInvis .     - Unarmed
rCold    + . .     Faith    .   (no shield)
rNeg     + + +     Spirit   .   e - +1 scale mail {Will+}
rPois    ∞         Reflect  .   (no helmet)
rElec    .         Harm     .   (no cloak)
rCorr    .         Rampage  .   (no gloves)
Will     +....                  p - +0 pair of boots
Stlth    ..........             (no amulet)
HPRegen  0.00/turn              (no ring)
MPRegen  0.11/turn              C - +4 ring of protection

@: hasted, very quick
A: rotting body, claws 1, cold resistance 1, negative energy resistance 3,
inhibited regeneration, torment resistance, unbreathing
a: Potion Petition, Call Merchant, Bribe Branch, Renounce Religion


You were on level 8 of the Dungeon.
You worshipped Gozag.
Gozag was pleased with you.
You visited 2 branches of the dungeon, and saw 9 of its levels.
You also visited: Ossuary.

You collected 968 gold pieces.
You paid 54 gold pieces to Gozag.

Inventory:

Hand Weapons
 x - a +0 whip of electrocution
 G - the +4 dagger of the Establishment {venom, rF+++ rN+ Str-3 Dex-3}
   (You took it off a kobold on level 5 of the Dungeon)

   It poisons the flesh of those it strikes.
   It affects your strength (-3).
   It affects your dexterity (-3).
   It renders you almost immune to fire.
   It protects you from negative energy.
 H - a +1 dagger of electrocution
 I - a +2 broad axe of flaming
Missiles
 y - 7 poisoned darts (quivered)
 F - a throwing net
Armour
 b - a +0 kite shield
 e - a +1 scale mail of willpower (worn)
 p - a +0 pair of boots (worn)
 q - a +0 chain mail
 v - a +0 pair of gloves
 A - the +1 scale mail of the Bouncing Hells {rElec rPois Str-2 Stlth+}
   (You found it on level 4 of the Dungeon)

   It affects your strength (-2).
   It insulates you from electricity.
   It protects you from poison.
   It makes you more stealthy.
 J - +0 steam dragon scales
Jewellery
 a - an uncursed ring of resist corrosion {unknown}
 k - an uncursed ring of wizardry
 l - an uncursed ring of fire
 C - a +4 ring of protection (right claw)
 K - the ring of Xom's Full Attention {+Inv +Fly Will+}
   (You found it on level 6 of the Dungeon)

   [ring of flight]

   It affects your willpower, your defense against some magical effects.
   It lets you turn invisible.
   It lets you fly.
Wands
 r - a wand of acid (5)
 w - a wand of flame (31)
Scrolls
 h - 2 scrolls of teleportation
 n - 6 scrolls of identify
 o - 5 scrolls of remove curse
 z - a scroll of magic mapping
 D - a scroll of acquirement {unknown}
 E - 2 scrolls of fear
 L - a scroll of amnesia
Potions
 c - 2 potions of might
 d - 2 potions of magic
 g - 2 potions of heal wounds {unknown}
 i - 8 potions of curing {unknown}
 j - 2 potions of flight {unknown}
 m - 3 potions of attraction {unknown}
 s - a potion of cancellation {unknown}
 t - a potion of invisibility {unknown}
 u - 3 potions of mutation {unknown}
 B - 2 potions of degeneration {unknown}


   Skills:
 + Level 3.4 Fighting
 + Level 2.8 Armour
 + Level 0.5 Dodging
 + Level 7.3 Shields
 + Level 13.7 Unarmed Combat


You had 9 spell levels left.
You didn't know any spells.
Your spell library contained the following spells:

 Spells                   Type           Power        Failure   Level
 Corona                   Hex            #......      80%         1
 Foxfire                  Conj/Fire      #...         80%         1
 Magic Dart               Conj           #...         80%         1
 Summon Small Mammal      Summ           #...         80%         1
 Blink                    Tloc           N/A          90%         2
 Call Imp                 Summ           #.......     90%         2
 Ensorcelled Hibernation  Hex/Ice        #.....       90%         2
 Slow                     Hex            #.......     90%         2
 Call Canine Familiar     Summ           #.......     99%         3
 Confusing Touch          Hex            #.......     99%         3
 Conjure Flame            Conj/Fire      #.......     99%         3
 Dazzling Flash           Conj/Hex       #.....       99%         3
 Inner Flame              Hex/Fire       #.......     99%         3
 Mephitic Cloud           Conj/Pois/Air  #.......     99%         3
 Summon Guardian Golem    Hex/Summ       #.......     99%         3
 Tukima's Dance           Hex            #.......     99%         3
 Sticky Flame             Conj/Fire      #.......     100%        4
 Summon Ice Beast         Ice/Summ       #.......     100%        4
 Summon Lightning Spire   Summ/Air       #.......     100%        4
 Fireball                 Conj/Fire      #.........   100%        5


Dungeon Overview and Level Annotations

Branches:
Dungeon (8/15)             Temple (1/1) D:4         Ossuary (visited)
   Lair: D:8-11

Altars:
Ashenzari
Cheibriados
Dithmenos
Elyvilon
Fedhas
Gozag
Hepliaklqana
Nemelex Xobeh
Okawaru
Qazlal
Ru
Trog
Uskayaw
Vehumet
Wu Jian
Xom
Yredelemnul

Shops:
D:5 }

Annotations:
D:8 Gastronok


Innate Abilities, Weirdness & Mutations

Your body is rotting away.
You thrive by killing the living.
You are immune to poison.
You have sharp fingernails.
Your flesh is cold resistant. (rC+)
You are immune to negative energy. (rN+++)
You do not regenerate when monsters are visible.
You are immune to unholy pain and torment.
You can survive without breathing.


Message History

You scratch the wyvern.
The wyvern is lightly wounded.
The wyvern bites you!
* * * LOW HITPOINT WARNING * * *
You closely miss the wyvern.
The wyvern is lightly wounded.
The wyvern bites you!
* * * LOW HITPOINT WARNING * * *
The wyvern bites you but does no damage.
You completely miss the wyvern.
The wyvern is lightly wounded.
The wyvern bites you.
* * * LOW HITPOINT WARNING * * *
You scratch the wyvern.
The wyvern is moderately wounded.
The wyvern bites you.
* * * LOW HITPOINT WARNING * * *
You feel yourself speed up. The wyvern bites you!
You die...
Your body crumbles into a pile of gold.

.#.## ####.######
.#..#######.........#
.#.......##.##.####.#
.#..........<#...
.....###.###.#####
.#.#..##.# #.#
.#.#..##.# #.#####
.#.)(..#.# #.....#
.#.#.....# #####@#
.#.#....## #l#
.###....########.#
.###.#...l.......####
........#######.....#
........## ##.....#
......#..#####..#+#..#
......#.........+ ....
....#.#...####..#+#..##


You could see a wyvern.

Vanquished Creatures
  Pikel (D:5)
  Joseph (D:7)
  Maggie (D:7)
  Grinder (D:6)
  A hornet (D:8)
  Eustachio (D:6)
  Edmund (D:5)
  A necrophage (D:7)
  2 orc warriors (D:7)
  4 sky beasts
  An ice beast (D:6)
  3 ogres (D:7)
  3 lemures (D:5)
  A big kobold (D:5)
  A bullfrog (D:7)
  10 scorpions
  3 killer bees (D:7)
  5 wights (D:6)
  3 bullfrog zombies
  2 centaur zombies
  2 hounds
  3 jellies
  3 orc priests
  A centaur skeleton (D:7)
  3 orc wizards
  3 human zombies (Ossuary)
  Natasha (thrice) (D:3)
  An iguana (D:7)
  3 worker ants
  3 big kobold zombies (Ossuary)
  3 mummies (Ossuary)
  5 gnolls
  5 scorpion zombies (Ossuary)
  5 adders
  3 river rats (D:4)
  3 shadow imps
  An ufetubus (D:5)
  An adder skeleton (D:5)
  A worm (D:3)
  The ghost of rlgrobin the Sneak, a weakling TeDe (D:5)
  A dart slug (D:5)
  6 leopard geckos
  21 orcs
  3 bats
  4 giant cockroaches
  7 goblins
  5 hobgoblins
  12 jackals
  A quokka (D:2)
  2 ball pythons
  5 frilled lizards
  A gnoll zombie (Ossuary)
  2 goblin zombies (Ossuary)
  2 hobgoblin zombies (Ossuary)
  15 kobolds
  2 kobold zombies (Ossuary)
  2 orc zombies (Ossuary)
  A quokka skeleton (D:5)
  8 rats
199 creatures vanquished.

Vanquished Creatures (others)
  An orc wizard (D:2)
1 creature vanquished.

Grand Total: 200 creatures vanquished

Notes
Turn   | Place    | Note
-------+----------+-------------------------------------------
     0 | D:1      | PentaManta the Ghoul Fighter began the quest for the Orb.
     0 | D:1      | Reached XP level 1. HP: 19/19 MP: 0/0
   251 | D:1      | Reached XP level 2. HP: 26/26 MP: 1/1
   259 | D:1      | Reached skill level 3 in Unarmed Combat
   690 | D:1      | Reached XP level 3. HP: 14/31 MP: 2/2
  1213 | D:2      | Found a blossoming altar of Fedhas.
  1230 | D:2      | Reached skill level 4 in Unarmed Combat
  1318 | D:2      | Reached XP level 4. HP: 30/38 MP: 3/3
  1343 | D:2      | Reached skill level 5 in Unarmed Combat
  2043 | D:2      | Reached XP level 5. HP: 45/45 MP: 4/4
  2474 | D:3      | Noticed Natasha
  2484 | D:3      | Killed Natasha
  2485 | D:3      | Reached skill level 6 in Unarmed Combat
  2964 | D:3      | Noticed Natasha
  2973 | D:3      | Killed Natasha
  3178 | D:3      | Noticed Natasha
  3186 | D:3      | Killed Natasha
  3334 | D:4      | Reached XP level 6. HP: 51/51 MP: 5/5
  3338 | D:4      | Found a staircase to the Ecumenical Temple.
  3352 | D:4      | Found a sand-covered staircase.
  3357 | Ossuary  | Entered an ossuary
  3382 | Ossuary  | Reached skill level 7 in Unarmed Combat
  3489 | Ossuary  | Reached skill level 8 in Unarmed Combat
  3489 | Ossuary  | Reached XP level 7. HP: 33/57 MP: 6/6
  3693 | Ossuary  | Reached skill level 9 in Unarmed Combat
  3978 | Ossuary  | Reached XP level 8. HP: 38/63 MP: 7/7
  4084 | D:4      | Found a glowing drain.
  4100 | D:4      | Reached skill level 10 in Unarmed Combat
  4632 | D:4      | Found a basalt altar of Yredelemnul.
  4646 | Temple   | Entered the Ecumenical Temple
  4653 | Temple   | Became a worshipper of Gozag Ym Sagoz the Greedy
  4938 | D:4      | Found a snail-covered altar of Cheibriados.
  4939 | D:4      | Found a shimmering altar of Xom.
  4964 | D:4      | Found a stormy altar of Qazlal.
  5038 | D:4      | Got a transparent scale mail
  5049 | D:4      | Identified the +1 scale mail of the Bouncing Hells {rElec
                  | rPois Str-2 Stlth+} (You found it on level 4 of the
                  | Dungeon)
  5064 | D:5      | Entered Level 5 of the Dungeon
  5064 | D:5      | Noticed Edmund
  5075 | D:5      | Killed Edmund
  5142 | D:5      | Found Laesm's Gadget Emporium.
  5207 | D:5      | Reached skill level 11 in Unarmed Combat
  5497 | D:5      | Noticed Pikel
  5507 | D:5      | Killed Pikel
  5508 | D:5      | Reached skill level 12 in Unarmed Combat
  5508 | D:5      | Reached XP level 9. HP: 34/70 MP: 8/8
  5989 | D:5      | Found a runed translucent gate.
  5989 | D:5      | Found a runed translucent gate.
  5990 | D:5      | Found a runed translucent gate.
  5990 | D:5      | Noticed rlgrobin's ghost (weakling TeDe)
  5990 | D:5      | Identified the +4 dagger of the Establishment {venom, rF+++
                  | rN+ Str-3 Dex-3}
  6059 | D:5      | Killed rlgrobin's ghost
  6276 | D:6      | Found a shadowy altar of Dithmenos.
  6377 | D:6      | Got a sparkling wooden ring
  6378 | D:6      | Identified the ring of Xom's Full Attention {+Inv +Fly
                  | Will+} (You found it on level 6 of the Dungeon)
  6495 | D:6      | Noticed Grinder
  6527 | D:6      | Killed Grinder
  6528 | D:6      | Reached skill level 13 in Unarmed Combat
  6719 | D:6      | Noticed Eustachio
  6750 | D:6      | Killed Eustachio
  7253 | D:7      | Reached skill level 5 in Shields
  7616 | D:7      | Reached XP level 10. HP: 74/77 MP: 9/9
  7625 | D:7      | Noticed Joseph
  7638 | D:7      | Killed Joseph
  7932 | D:7      | Found a white marble altar of Elyvilon.
  8716 | D:7      | Noticed Maggie
  8724 | D:7      | Killed Maggie
  9123 | D:8      | Found a sacrificial altar of Ru.
  9338 | D:8      | Noticed Gastronok
  9380 | D:8      | Mangled by a wyvern

Illustrated notes

Levels and vault maps discovered:
D:1:      lemuel_arrival_cross, layout_basic, st_stairs_4, minmay_pentomino_q2
D:2:      cheibrodos_pilgrimage, layout_loops_corners,
          nicolae_overflow_crystal_walls
D:3:      layout_basic, uniq_natasha
D:4:      layout_rooms, nicolae_qazlal_eye_of_the_storm,
          grunt_temple_overflow_open, minmay_temple_entry_overgrown,
          portal_sewer_entry_c, enter_ossuary_2
D:5:      layout_rooms, serial_shops, kennysheep_little_box,
          gammafunk_ghost_nasty_kobolds, uniq_edmund, uniq_pikel
D:6:      layout_loops_cross, grunt_dithmenos_shadows, uniq_eustachio,
          uniq_grinder
D:7:      layout_loops_cross, lemuel_coloured_pillars_altar,
          kennysheep_generic_room_15, uniq_joseph, uniq_maggie
D:8:      layout_basic, nicolae_overflow_hidden_temple, general_overflow_altar,
          kennysheep_mini_moat, david_lair_generic, uniq_gastronok
Temple:   compressed_dpeg_triangle_lava_temple

Skill      XL: |  1  2  3  4  5  6  7  8  9 10 |
---------------+-------------------------------+-----
Unarmed Combat | 3 4 5 6 8 9 12 13 | 13.7
Shields        | 5 7 |  7.3
Fighting       | |  3.4
Armour         | |  2.8
Dodging        | |  0.5

Action                   |  1- 3 |  4- 6 |  7- 9 | 10-12 || total
-------------------------+-------+-------+-------+-------++-------
Melee: Unarmed           |    76 |   171 |   460 |   104 ||   811
       Punch             |     1 |     2 |    13 |     6 ||    22
  Use: Scroll            |       |     5 |     7 |       ||    12
       Potion            |       |       |       |     1 ||     1
 Stab: Distracted        |       |       |       |     1 ||     1
Armor: Scale mail        |    28 |    57 |   252 |    38 ||   375
Dodge: Dodged            |    32 |    58 |   220 |    50 ||   360

Table legend: (Time is in decaauts)
 A = Elapsed time spent in this place.
 B = Non-inter-level travel time spent in this place.
 C = Inter-level travel time spent in this place.
 D = Time resting spent in this place.
 E = Time spent auto-exploring this place.
 F = Levels seen in this place.
 G = Mean time per level.
                   A        B        C        D        E       F      G
               +--------+--------+--------+--------+--------+-----+--------+
         Total |   9239 |   8943 |    296 |   1186 |   5959 |  10 |  923.9 |
       Dungeon |   8352 |   8071 |    281 |    915 |   5775 |   8 | 1044.0 |
        Temple |    207 |    192 |     15 |      0 |    184 |   1 |  207.0 |
       Ossuary |    679 |    679 |      0 |    271 |      0 |   1 |  679.0 |
               +--------+--------+--------+--------+--------+-----+--------+

Top non-repeatable levels by time:
     D:7: 1807 daAuts
     D:3: 1383 daAuts
     D:2: 1248 daAuts
     D:5: 1153 daAuts
     D:6: 972 daAuts
     D:1: 951 daAuts
 Ossuary: 679 daAuts
     D:4: 551 daAuts
     D:8: 284 daAuts
  Temple: 207 daAuts
